 Dungeon Crawl Stone Soup version 0.20.1-1-g8b1a95d66d (webtiles) character file.

2915 NullDivider the Covert (level 9, -8/61 HPs)
             Began as an Octopode Artificer on Nov 22, 2017.
             Was an Initiate of Nemelex Xobeh.
             Mangled by a porcupine (12 damage)
             ... on level 7 of the Dungeon.
             The game lasted 00:55:30 (11349 turns).

NullDivider the Covert (Octopode Artificer)        Turns: 11349, Time: 00:55:30

Health: -8/61      AC:  1    Str:  9 (12) XL:     9   Next: 78%
Magic:  12/12      EV: 19    Int: 15      God:    Nemelex Xobeh [......]
Gold:   333        SH:  0    Dex: 14 (15) Spells: 8/8 levels left

rFire    + . .     SeeInvis +   F - +3 dagger
rCold    . . .     Gourm    .   (no shield)
rNeg     + . .     Faith    .   (helmet restricted)
rPois    +         Spirit   .   (no amulet)
rElec    .         Reflect  .   p - ring of protection from fire
rCorr    .         Harm     .   M - ring of stealth
MR       .....     Clarity  +   y - +3 ring of evasion
Stlth    +++++++...             w - ring "Cafa" {rN+ SInv}
Regen    0.2/turn               (no ring)
MPRegen  0.2/turn               (no ring)
                                (no ring)
                                (no ring)

@: no status effects
A: almost no armour, stealthy swim, amphibious, 8 rings, constrict 8, camouflage
1, clarity, clever 1, deterioration 1, low mp 1, poison resistance, gelatinous
body 1
a: Renounce Religion


You were on level 7 of the Dungeon.
You worshipped Nemelex Xobeh.
Nemelex Xobeh was noncommittal.
You were hungry.

You visited 2 branches of the dungeon, and saw 9 of its levels.

You collected 333 gold pieces.

Inventory:

Hand Weapons
 o - the +4 sword of Power
   (You found it on level 5 of the Dungeon)
 F - a +3 dagger (weapon)
Jewellery
 p - a ring of protection from fire (left tentacle)
 q - an uncursed ring of see invisible
 w - the ring "Cafa" (on tentacle) {rN+ SInv}
   (You found it on level 4 of the Dungeon)

   [ring of positive energy]

   It protects you from negative energy.
   It lets you see invisible.
 y - a +3 ring of evasion (on tentacle)
 J - an uncursed ring of fire
 M - a ring of stealth (right tentacle)
Wands
 b - a wand of flame (0/48)
 c - a wand of enslavement (8/24)
 d - a wand of random effects (12/48)
 z - a wand of flame (0/48)
Scrolls
 a - 2 scrolls of amnesia {unknown}
 g - 3 scrolls of identify
 h - a scroll of recharging {unknown}
 j - 6 scrolls of remove curse
 k - a scroll of immolation {unknown}
 l - a scroll of teleportation {unknown}
 n - 5 scrolls of magic mapping
 s - 3 scrolls of enchant weapon {unknown}
 x - a scroll of random uselessness {unknown}
 A - a scroll of fog {unknown}
 H - a scroll of brand weapon {unknown}
Potions
 e - a potion of cancellation {unknown}
 i - a potion of mutation {unknown}
 r - 3 potions of flight
 t - a potion of haste {unknown}
 u - a potion of ambrosia {unknown}
 B - 2 potions of agility {unknown}
 D - 2 potions of lignification {unknown}
 E - a potion of berserk rage {unknown}
 I - a potion of heal wounds {unknown}
Books
 v - a book of Debilitation

   Spells                             Type                      Level
   a - Corona                         Hexes                        1
   b - Slow                           Hexes                        2
   c - Inner Flame                    Hexes/Fire                   3
   d - Portal Projectile              Hexes/Translocation          3
   e - Cause Fear                     Hexes                        4
   f - Leda's Liquefaction            Hexes/Earth                  4
Comestibles
 f - 6 bread rations
 C - a royal jelly
 G - 4 fruits
 L - 2 meat rations


   Skills:
 + Level 5.1 Fighting
 + Level 5.2 Short Blades
 + Level 5.9 Dodging
 + Level 10.6 Stealth
 * Level 1.4 Invocations
 + Level 6.8 Evocations


You had 8 spell levels left.
You didn't know any spells.

Dungeon Overview and Level Annotations

Branches:
Dungeon (8/15)             Temple (1/1) D:5            Lair (0/6) D:8

Altars:
Ashenzari
Cheibriados
Dithmenos
Elyvilon
Fedhas
Gozag
Hepliaklqana
Kikubaaqudgha
Makhleb
Nemelex Xobeh
Okawaru
Qazlal
Ru
Sif Muna
Uskayaw
Vehumet
Xom
Yredelemnul
Zin
The Shining One
Lugonu

Shops:
D:5 *

Annotations:
D:4 Eustachio


Innate Abilities, Weirdness & Mutations

You cannot wear most types of armour.
You are very stealthy in the water. (Stealth+)
You are amphibious.
You can wear up to eight rings at the same time.
You can use your tentacles to constrict eight enemies at once.
Your skin changes colour to match your surroundings (Stealth+).
Your rubbery body absorbs attacks. (AC +1, EV +1)
You possess an exceptional clarity of mind.
Your mind is acute. (Int +2)
Your body sometimes deteriorates upon taking damage.
Your magical capacity is low. (-10% MP)
Your system is resistant to poisons. (rPois)


Message History

You are struck by the porcupine's spines.
* * * LOW HITPOINT WARNING * * *
You barely miss the porcupine.
The porcupine is severely wounded.
The porcupine closely misses you.
Evoke which item? (* to show all) (? for menu, Esc to quit)
Aiming: Random Effects
Press: ? - help, Shift-Dir - straight line, f/p - porcupine
Aim: a porcupine (severely wounded, slightly transparent) Nothing appears to happen.
This wand has 12 charges left.
The porcupine bites you!
* * * LOW HITPOINT WARNING * * *
Evoke which item? (* to show all) (? for menu, Esc to quit)
Aiming: Enslavement
Press: ? - help, Shift-Dir - straight line, f/p - porcupine
Aim: a porcupine (severely wounded, slightly transparent, chance to defeat MR: 67%)
The porcupine struggles to resist.
This wand has 8 charges left.
The porcupine bites you!
You die...
Your body disappears without a glow.

#.....##.# #......#.# # #######
#...<..#.# # ......# ##.###...# #
......# #.......# # ......####
######..# # .........# ##.# #
.........##########>###### #
................@r..[..[.# ######
.....[...###############[###....#
.........# #...[..... .........#
#####....# .........# ##....#
.........# #...... .........#
#.....# ########## #.#####
#.....>


You could see a porcupine (invisible).

Vanquished Creatures
  A hippogriff (D:7)
  3 yaks
  A sky beast (D:5)
  4 phantoms
  3 ogres
  3 wolves
  A crocodile (D:8)
  2 centaurs
  2 bullfrogs (D:7)
  A scorpion (D:4)
  A howler monkey (D:6)
  4 crimson imps
  A bullfrog zombie (D:6)
  A centaur zombie (D:5)
  4 hounds
  A gnoll shaman (D:4)
  Terence (D:2)
  Crazy Yiuf (D:2)
  An iguana (D:7)
  2 orc wizards
  5 worker ants
  2 worker ant zombies
  7 gnolls
  8 adders
  5 shadow imps
  4 oozes
  2 worms
  3 dart slugs
  10 leopard geckos
  17 orcs
  4 giant cockroaches
  8 goblins
  6 hobgoblins
  A jackal (D:2)
  9 kobolds
  3 quokkas
  A ball python (D:5)
  6 bats
  8 frilled lizards
  A quokka skeleton (D:6)
  A quokka zombie (D:5)
  14 rats
163 creatures vanquished.

Vanquished Creatures (others)
  A porcupine (D:7)
1 creature vanquished.

Grand Total: 164 creatures vanquished

Notes
Turn   | Place    | Note
-------+----------+-------------------------------------------
     0 | D:1      | NullDivider the Octopode Artificer began the quest for the Orb.
     0 | D:1      | Reached XP level 1. HP: 13/13 MP: 3/3
   332 | D:1      | Reached XP level 2. HP: 18/18 MP: 4/4
  1252 | D:1      | Reached skill level 2 in Stealth
  1470 | D:1      | Reached XP level 3. HP: 16/23 MP: 5/5
  2091 | D:2      | Reached skill level 3 in Stealth
  2353 | D:2      | Reached XP level 4. HP: 18/28 MP: 6/6
  2682 | D:2      | Noticed Terence
  2700 | D:2      | Killed Terence
  3211 | D:2      | Reached XP level 5. HP: 33/33 MP: 7/7
  3230 | D:2      | Found a runed door.
  3234 | D:2      | Noticed Crazy Yiuf
  3242 | D:2      | Killed Crazy Yiuf
  3242 | D:2      | Reached skill level 4 in Stealth
  3608 | D:3      | Found a faded altar of an unknown god.
  3768 | D:3      | Found a burning altar of Makhleb.
  3769 | D:3      | Found a radiant altar of Vehumet.
  3967 | D:3      | Found a snail-covered altar of Cheibriados.
  4537 | D:4      | Found an opulent altar of Gozag.
  4595 | D:4      | Noticed Eustachio
  4677 | D:4      | Found a snail-covered altar of Cheibriados.
  4693 | D:4      | Reached XP level 6. HP: 30/40 MP: 9/9
  4726 | D:3      | HP: 2/41 [gnoll/whip (8)]
  5046 | D:4      | Got a glittering wooden ring
  5051 | D:4      | Identified the ring "Cafa" {rN+ SInv} (You found it on level 4 of the Dungeon)
  5065 | D:4      | Reached skill level 5 in Stealth
  5664 | D:4      | Found a shadowy altar of Dithmenos.
  5709 | D:4      | Found a blossoming altar of Fedhas.
  5754 | D:4      | Found a deep blue altar of Sif Muna.
  6354 | D:4      | Reached skill level 6 in Stealth
  6354 | D:4      | Reached XP level 7. HP: 25/46 MP: 10/10
  6601 | D:5      | Entered Level 5 of the Dungeon
  6829 | D:5      | Gained mutation: You possess an exceptional clarity of mind. [mutagenic meat]
  6864 | D:5      | Reached skill level 5 in Evocations
  7054 | D:5      | Gained mutation: Your system is resistant to poisons. (rPois) [mutagenic meat]
  7056 | D:5      | Gained mutation: Your body sometimes deteriorates upon taking damage. [mutagenic meat]
  7057 | D:5      | Gained mutation: Your magical capacity is low. (-10% MP) [mutagenic meat]
  7058 | D:5      | Gained mutation: Your mind is acute. (Int +2) [mutagenic meat]
  7107 | D:5      | Reached skill level 7 in Stealth
  7223 | D:5      | Found a hazy altar of Hepliaklqana.
  7281 | D:5      | Reached XP level 8. HP: 47/53 MP: 10/10
  7328 | D:5      | Found Rukhirul's General Store.
  7522 | D:5      | Found a staircase to the Ecumenical Temple.
  7545 | Temple   | Entered the Ecumenical Temple
  8049 | D:6      | Reached skill level 8 in Stealth
  8372 | D:6      | Found a white marble altar of Elyvilon.
  8395 | D:6      | Found a shimmering altar of Xom.
  8407 | D:6      | Found a stormy altar of Qazlal.
  8550 | D:6      | Found a shattered altar of Ashenzari.
  8897 | D:7      | Reached skill level 9 in Stealth
  9230 | D:7      | Reached skill level 5 in Dodging
  9230 | D:7      | Reached XP level 9. HP: 59/59 MP: 12/12
  9536 | D:7      | Found a sparkling altar of Nemelex Xobeh.
  9614 | D:6      | Reached skill level 10 in Stealth
  9902 | D:7      | Found an iron altar of Okawaru.
  9998 | D:7      | Became a worshipper of Nemelex Xobeh the Trickster
 10043 | D:8      | Found a staircase to the Lair.
 10326 | D:6      | Reached skill level 5 in Short Blades
 10530 | D:7      | Reached skill level 5 in Fighting
 10669 | D:7      | Reached skill level 1 in Invocations
 11349 | D:7      | Mangled by a porcupine

Skill      XL: |  1  2  3  4  5  6  7  8  9 |
---------------+----------------------------+-----
Stealth        | 2 3 4 6 7 9 10 | 10.6
Dodging        | 3 4 5 |  5.9
Short Blades   | 2 3 4 5 |  5.2
Evocations     | 4 5 6 |  6.8
Fighting       | 2 3 4 5 |  5.1
Invocations    | 1 |  1.4

Action                   |  1- 3 |  4- 6 |  7- 9 || total
-------------------------+-------+-------+-------++-------
Melee: Short sword       |    43 |       |       ||    43
       Tentacles         |    11 |    40 |    62 ||   113
       Constrict         |    18 |    31 |    26 ||    75
       Dagger            |    40 |   175 |   272 ||   487
Evoke: Wand              |       |     8 |    18 ||    26
  Use: Scroll            |     1 |     1 |     4 ||     6
       Potion            |       |       |     3 ||     3
 Stab: Sleeping          |     7 |    17 |    29 ||    53
       Betrayed ally     |       |       |     2 ||     2
  Eat: Chunk             |     4 |    12 |    22 ||    38
Armor: Skin              |    16 |     5 |     3 ||    24
Dodge: Dodged            |    54 |    89 |   165 ||   308
